 Dungeon Crawl Stone Soup version 0.17-a0-18-gc25b939 (webtiles) character file.

8 JacquesDerrida the Caller (level 2, 19/19 HPs)
             Began as a Merfolk Summoner on Mar 7, 2015.
             Quit the game on level 1 of the Dungeon.
             The game lasted 00:02:52 (475 turns).

JacquesDerrida the Caller (Merfolk Summoner)         Turns: 475, Time: 00:02:52

Health: 19/19      AC:  2    Str:  8    XL:     2   Next: 8%
Magic:  2/4        EV: 13    Int: 14    God:
Gold:   20         SH:  0    Dex: 14    Spells: 2 memorised, 2 levels left

rFire  + . .     SeeInvis .     m - -3 spear (curse)
rCold  + . .     Clarity  .     a - +0 robe
rNeg   . . .     SustAb   .     (no shield)
rPois  +         Gourm    .     (no helmet)
rElec  +         Spirit   .     (no cloak)
rCorr  +         Warding  .     (no gloves)
rMut   .         Stasis   .     (no boots)
MR     .....                    (no amulet)
Stlth  ++........               (no ring)
                                (no ring)

@: about to teleport, resistant, not resistant to hostile enchantments,
unstealthy
A: change form in water, swift swim
a: no special abilities


You were on level 1 of the Dungeon.
You were not hungry.

You visited 1 branch of the dungeon, and saw 1 of its levels.

You collected 20 gold pieces.

Inventory:

Hand weapons
 m - a cursed -3 spear (weapon)
Missiles
 n - 17 poisoned needles
Armour
 a - a +0 robe (worn)
Jewellery
 k - an uncursed ring of teleportation
Scrolls
 l - a scroll of recharging
Potions
 d - a potion of magic
 h - a potion of heal wounds
Books
 b - a book of Callings

   Spells                             Type                      Level
   a - Summon Small Mammal            Summoning                    1
   b - Call Imp                       Summoning                    2
   c - Call Canine Familiar           Summoning                    3
   d - Summon Guardian Golem          Hexes/Summoning              4
   e - Summon Lightning Spire         Summoning/Air                4
   f - Summon Ice Beast               Ice/Summoning                4
Comestibles
 c - a bread ration
 g - a meat ration


   Skills:
 + Level 0.0 Polearms
 - Level 2.6 Dodging
 - Level 2.1 Stealth
 - Level 2.0 Spellcasting
 + Level 4.4 Summonings


You had 2 spell levels left.
You knew the following spells:

 Your Spells              Type           Power        Failure   Level  Hunger
a - Summon Small Mammal   Summ           ##..         4%          1    ##.....
b - Call Imp              Summ           ##......     10%         2    ###....


Dungeon Overview and Level Annotations

Branches:
Dungeon (1/15)

Altars:


Message History

Drink which item? (? for menu, Esc to quit)
It was a potion of heal wounds.
You feel much better.
Drink which item? (? for menu, Esc to quit)
It was a potion of resistance.
You feel protected.
Read which item? (? for menu, Esc to quit)
As you read the scroll labeled TWIPERU LURI, it crumbles to dust.
It is a scroll of recharging.
You aren't carrying any rechargeable items.
Read which item? (? for menu, Esc to quit)
As you read the scroll labeled MUZEIT UXIALI, it crumbles to dust.
You feel aware of your surroundings.
It was a scroll of magic mapping.
Read which item? (? for menu, Esc to quit)
As you read the scroll labeled MACAURE JONITS, it crumbles to dust.
You feel strangely unstable.
It was a scroll of teleportation.
Are you sure you want to abandon this character and quit the game? (Confirm with "yes".)
Okay, then.
Unknown command.
Unknown command.
Are you sure you want to abandon this character and quit the game? (Confirm with "yes".)

##.......#
#...#..............#
##.......#
#....).....####.##.##
..)......# #.#.########
##.#...## ###†###.##
#....## #....#... ........#
##.....## ####.##...##
.######.###.......##
#....###.## .#
#.##.........# #.##.# #.# #
.# #.###....5..## #.##.#
#.### .# #.# ##...5@##
#.##.###..## .# #.# ##....#
#.##........ .# #.# ##.#.#
#.##.###..## .# #.#
#.#.#####.#.......## .#
#.######.#)##..............
.#
#.....##.#...(..(#.#####.##
.#
#####.##....)....#.#####.#
.#
#....####....##.........#
># #.##..#
#.#######.#######


You could see a friendly crimson imp and a friendly white imp.

Vanquished Creatures
  A bat (D:1)
1 creature vanquished.

Vanquished Creatures (collateral kills)
  A bat (D:1)
  2 giant cockroaches (D:1)
  A goblin (D:1)
  2 hobgoblins (D:1)
  A giant gecko (D:1)
  A giant newt (D:1)
  A kobold (D:1)
  A rat (D:1)
10 creatures vanquished.

Vanquished Creatures (others)
  4 bats (D:1)
  A quokka (D:1)
  5 rats (D:1)
10 creatures vanquished.

Grand Total: 21 creatures vanquished

Notes
Turn   | Place    | Note
--------------------------------------------------------------
     0 | D:1      | JacquesDerrida, the Merfolk Summoner, began the quest for the Orb.
     0 | D:1      | Reached XP level 1. HP: 13/13 MP: 3/3
   312 | D:1      | Reached XP level 2. HP: 8/19 MP: 0/4
   316 | D:1      | Learned a level 2 spell: Call Imp
   475 | D:1      | Quit the game

Action                   || total
-------------------------++-------
Melee: Unarmed           ||     4
 Cast: Summon Small Mamm ||    18
       Call Imp          ||     3
  Use: Scroll            ||     5
       Potion            ||     3
